 Dungeon Crawl Stone Soup version 0.29.1-4-g47bece8355 (webtiles) character file.

Game seed: 11782594861055117124

58 ChadusMaximus the Caller (level 3, -5/19 HPs)
             Began as a Deep Elf Summoner on Dec 4, 2022.
             Slain by Sigmund
             ... wielding a +0 scythe
              (9 damage)
             ... on level 3 of the Dungeon.
             The game lasted 00:03:17 (2203 turns).

ChadusMaximus the Caller (Deep Elf Summoner)        Turns: 2203, Time: 00:03:18

Health: -5/19      AC:  3    Str:  5    XL:     3   Next: 75%
Magic:  10/10      EV: 11    Int: 21    God:
Gold:   93         SH:  0    Dex: 15    Spells: 6/10 levels left

rFire   . . .      SeeInvis .   j - +0 hand axe (pain)
rCold   . . .      Faith    .   (no shield)
rNeg    + . .      Spirit   .   l - +0 leather armour
rPois   .          Reflect  .   (no helmet)
rElec   .          Harm     .   (no cloak)
rCorr   .          Rampage  .   (no gloves)
Will    .....                   (no boots)
Stlth   +.........              (no amulet)
HPRegen 0.06/turn               m - ring of positive energy
MPRegen 0.12/turn               (no ring)

@: confused
A: no striking features
a: no special abilities


You were on level 3 of the Dungeon.
You visited 1 branch of the dungeon, and saw 3 of its levels.

You collected 93 gold pieces.

Inventory:

Hand Weapons
 j - a +0 hand axe of pain (weapon)
Armour
 a - a +0 robe
 l - a +0 leather armour (worn)
Jewellery
 m - a ring of positive energy (left hand)
 n - a +6 ring of dexterity
Scrolls
 c - a scroll of magic mapping {unknown}
 d - 4 scrolls of identify {unknown}
 e - 3 scrolls of fear {unknown}
 f - 2 scrolls of enchant weapon {unknown}
 k - 3 scrolls of blinking {unknown}
Potions
 b - a potion of magic
 g - a potion of heal wounds {unknown}
 h - a potion of ambrosia {unknown}
 i - 2 potions of cancellation {unknown}


   Skills:
 - Level 2.4 Dodging
 - Level 2.4 Stealth
 + Level 4.0 Spellcasting
 * Level 5.5 Summonings


You had 6 spell levels left.
You knew the following spells:

 Your Spells              Type           Power      Damage    Failure   Level
a - Summon Small Mammal   Summ           100%       N/A       1%          1
b - Call Canine Familiar  Summ           27%        N/A       6%          3

Your spell library contained the following spells:

 Spells                   Type           Power      Damage    Failure   Level
 Call Imp                 Summ           27%        N/A       3%          2
 Summon Guardian Golem    Hex/Summ       15%        N/A       19%         3
 Beastly Appendage        Tmut           8%         N/A       21%         1
 Wereblood                Tmut           4%         N/A       30%         2
 Spider Form              Tmut/Pois      4%         N/A       52%         3
 Summon Lightning Spire   Summ/Air       15%        N/A       54%         4


Dungeon Overview and Level Annotations

Branches:
Dungeon (3/15)

Altars:

Shops:
D:2 *

Annotations:
D:3 Sigmund


Message History

The quokka barely misses you.
You hit the endoplasm.
You kill the endoplasm!
You hit the quokka.
Your hound bites the quokka.
The quokka dies!
No target in view!
You now have 86 gold pieces (gained 10).
You now have 93 gold pieces (gained 7).
You swap places.
f - 2 scrolls labelled GEFIFR JONINAF (gained 1) Key pressed, stopping explore.
No target in view!
No target in view!
Found a stone.
No target in view!
Sigmund the Dreaded comes into view.
He is wielding a +0 scythe.
Sigmund shouts!
You see here a scroll labelled VUTEGODEAL.
Found a robe.
Sigmund barely misses you.
Sigmund is nearby!
You closely miss Sigmund. Sigmund hits you with a +0 scythe.
You hit Sigmund.
Sigmund is moderately wounded.
Your hound bites Sigmund. x2
Sigmund points at you and mumbles some strange words.
You are confused.
Are you sure you want to stumble around while confused and next to your hound? [Y]es or [N]o only, please.
Are you sure you want to stumble around while confused and next to your hound?
You bump into the rock wall.
Your hound bites Sigmund but does no damage.
Sigmund asks, "Do you like me?" Sigmund hits you with a +0 scythe!
* * * LOW HITPOINT WARNING * * *
Your hound bites Sigmund.
Are you sure you want to stumble around while confused and next to your hound? [Y]es or [N]o only, please.
Are you sure you want to stumble around while confused and next to your hound?
Sigmund attacks as you move away! Sigmund hits you with a +0 scythe!
You die...

### ..
###.####
###.......
.......
.##.###....#
..[...@h...#
#@..# ##?##
#.# #.# #.#
####.#
#....#
#.#### #.# #
#.# #.#


You could see Sigmund (ally target) and a friendly hound (summoned).

Vanquished Creatures
  An endoplasm (D:3)
  A goblin (D:2)
  A hobgoblin (D:3)
  A ball python (D:2)
  2 frilled lizards (D:2)
  A rat (D:2)
7 creatures vanquished.

Vanquished Creatures (collateral kills)
  An adder (D:2)
  A gnoll (D:1)
  A dart slug (D:1)
  3 endoplasms (D:2)
  5 goblins
  2 hobgoblins
  2 quokkas
  2 ball pythons (D:1)
  3 bats (D:1)
  7 frilled lizards
  A kobold (D:1)
  5 rats
33 creatures vanquished.

Vanquished Creatures (others)
  11 plants (D:1)
11 creatures vanquished.

Grand Total: 51 creatures vanquished

Notes
Turn   | Place    | Note
-------+----------+-------------------------------------------
     0 | D:1      | ChadusMaximus the Deep Elf Summoner began the quest for the
                  | Orb.
     0 | D:1      | Reached XP level 1. HP: 10/10 MP: 6/6
   357 | D:1      | Reached XP level 2. HP: 13/15 MP: 5/8
   572 | D:1      | Reached skill level 5 in Summonings
   794 | D:1      | Reached XP level 3. HP: 15/19 MP: 1/10
  1216 | D:2      | Learned a level 3 spell: Call Canine Familiar
  1240 | D:2      | Found Kuaka's General Store.
  1446 | D:2      | Found a faded altar of an unknown god.
  2198 | D:3      | Noticed Sigmund
  2203 | D:3      | Slain by Sigmund

Illustrated notes

Levels and vault maps discovered:
D:1:      lemuel_arrival_lava_pool, layout_rooms, serial_bayou,
          serial_bayou_lagoon_b, serial_bayou_pond_c, serial_bayou_crossing,
          serial_bayou_shore_b, minivault_19
D:2:      layout_rooms, ebering_ecumenical_altar_rust, serial_shops,
          shop_statue, hangedman_decor_clover_reticule
D:3:      layout_loops_ring, uniq_sigmund

Skill      XL: |  1  2  3 |
---------------+----------+-----
Summonings     | 5 |  5.5
Spellcasting   | 4 |  4.0
Dodging        | |  2.4
Stealth        | |  2.4

Action                   || total
-------------------------++-------
Melee: Hand axe          ||    17
       Unarmed           ||    13
       Punch             ||     1
 Cast: Summon Small Mamm ||    40
       Call Canine Famil ||     4
 Stab: Distracted        ||     1
       Sleeping          ||     1
Armor: Robe              ||    11
       Leather armour    ||     1
Dodge: Dodged            ||    48
